 Dungeon Crawl Stone Soup version 0.31-a0-931-g7b59d4eb97 (webtiles) character file.

Game seed: 15319904911742798967

87 BinkBink the Ducker (level 4, 0/29 HPs)
             Began as a Tengu Monk on Oct 18, 2023.
             Slain by a cerulean imp
             ... wielding a +0 spear
             ... summoned by Natasha
              (3 damage)
             ... on level 2 of the Dungeon.
             The game lasted 00:02:16 (1637 turns).

BinkBink the Ducker (Tengu Monk)                    Turns: 1637, Time: 00:02:17

Health: 0/29       AC:  3    Str: 12    XL:     4   Next: 51%
Magic:  5/5        EV: 14    Int: 10    God:
Gold:   96         SH:  0    Dex: 18    Spells: 3/3 levels left

rFire   . . .        a - +0 falchion
rCold   . . .        d - orb {light}
rNeg    . . .        b - +0 robe
rPois   .            (helmet restricted)
rElec   .            l - +0 cloak
rCorr   .            (no gloves)
SInv    .            (boots unavailable)
Will    .....        (no amulet)
Stlth   +            (no ring)
HPRegen 0.24/turn    (no ring)
MPRegen 0.09/turn

%: acrobat
@: glowing
A: beak, talons 3, acrobatic
a: no special abilities


You were on level 2 of the Dungeon.
You visited 1 branch of the dungeon, and saw 2 of its levels.

You collected 96 gold pieces.

Inventory:

Hand Weapons
 a - a +0 falchion (weapon)
Armour
 b - a +0 robe (worn)
 d - an orb of light (worn)
 l - a +0 cloak (worn)
Scrolls
 f - a scroll of fog {unknown}
 g - a scroll of revelation {unknown}
 h - 2 scrolls of identify {unknown}
 i - 2 scrolls of teleportation {unknown}
Potions
 c - a potion of ambrosia
 e - a potion of mutation {unknown}
 k - a potion of lignification {unknown}


   Skills:
 + Level 3.9 Fighting
 + Level 4.1 Long Blades
 + Level 4.2 Dodging


You had 3 spell levels left.
You didn't know any spells.
Your spell library contained the following spells:

 Spells                   Type           Power      Damage    Failure   Level
 Shock                    Conj/Air       0%         1d3       36%         1
 Swiftness                Air            0%         N/A       75%         3
 Airstrike                Air            0%         2d(0-16)  98%         4


Dungeon Overview and Level Annotations

Branches:
Dungeon (2/15)

Altars:

Shops:
D:2 [:[

Annotations:
D:2 1 runed translucent door, Crazy Yiuf, Natasha, Sigmund


Innate Abilities, Weirdness & Mutations

You have a beak for a mouth.
You have claws for feet.
You can magically evade attacks while moving or waiting.


Message History

Natasha casts a spell at you. The magic dart hits you.
There is a fountain of clear blue water here.
Natasha hisses.
Natasha barely misses you.
You hit Natasha. You peck Natasha, but do no damage.
Natasha is lightly wounded.
Natasha mumbles some strange words.
You hit Natasha but do no damage. You claw Natasha.
You peck Natasha, but do no damage.
Natasha is moderately wounded.
Natasha claws you.
The cerulean imp hits you with a +0 spear.
You barely miss Natasha. You claw Natasha, but do no damage.
Your peck misses Natasha.
Natasha is moderately wounded.
Natasha casts a spell at you. The magic dart hits you.
The cerulean imp hits you with a +0 spear.
You are too injured to fight recklessly!
You are too injured to fight recklessly!
You closely miss Natasha. You claw Natasha, but do no damage.
Natasha is moderately wounded.
Natasha closely misses you.
The cerulean imp hits you with a +0 spear.
You hit Natasha. You peck Natasha, but do no damage.
Natasha is severely wounded.
Natasha casts a spell.
The cerulean imp hits you with a +0 spear.
* * * LOW HITPOINT WARNING * * *
Natasha misses you.
You hit Natasha. You peck Natasha, but do no damage.
Natasha is almost dead.
The cerulean imp barely misses you.
The cerulean imp hits you from afar with a +0 spear.
* * * LOW HITPOINT WARNING * * *
Natasha misses you.
It was a potion of magic.
Magic courses through your body.
The cerulean imp hits you with a +0 spear.
You die...

#.##.#.#..# #...#
#.##.#.#..# #...# #
#....#....# #######...#.#
####......# ..........#.##
#.........# #...........#
#.##.#....###########......#
# #.#....<........!...###.#
# #.#.....#########....##.#
# #.#...!##..5h@5.####.##.#
# #.#....#.⌠#####⌠.# #.##.#
# #+#....# ##.# #.##.#
#.........# #.###.##.#
#.....##### #.†?..##.#
#.....# #.##..##.#
#.....##### #.###.##.#
#.........# ⌠.# #....#
#.........## ..## ####.#


You could see Natasha and 2 cerulean imps.

Vanquished Creatures
  A gnoll (D:1)
  4 adders (D:2)
  3 worms (D:2)
  A ball python (D:2)
  5 endoplasms
  2 giant cockroaches (D:1)
  A goblin (D:1)
  2 hobgoblins
  4 kobolds
  2 quokkas (D:2)
  3 bats
  2 frilled lizards
  4 rats
34 creatures vanquished.

Notes
Turn   | Place    | Note
-------+----------+-------------------------------------------
     0 | D:1      | BinkBink the Tengu Monk began the quest for the Orb.
     0 | D:1      | Reached XP level 1. HP: 14/14 MP: 2/2
    51 | D:1      | Reached XP level 2. HP: 19/19 MP: 3/3
   291 | D:1      | Found a faded altar of an unknown god.
   403 | D:1      | Reached XP level 3. HP: 23/23 MP: 4/4
   822 | D:2      | Found Ruytz's Antique Armour Shop.
   892 | D:2      | Found Akuroib's Book Shoppe.
   906 | D:2      | Found Obosoips's Antique Armour Shoppe.
  1044 | D:2      | Found a runed translucent door.
  1045 | D:2      | Noticed Crazy Yiuf
  1115 | D:2      | Reached XP level 4. HP: 29/29 MP: 5/5
  1223 | D:2      | Noticed Sigmund
  1627 | D:2      | Noticed Natasha
  1637 | D:2      | Slain by a cerulean imp

Illustrated notes

Levels and vault maps discovered:
D:1:      lightli_arrival_flooded_house, layout_loops_ring,
          hellmonk_ecumenical_altar_heavens_door, grunt_decor_junction,
          patterned_corridor
D:2:      minmay_general_purpose_star, layout_basic, serial_shops,
          nicolae_shop_tiny_waterfront, nicolae_square_shop,
          nicolae_shop_waterfront, grunt_ministairs_11, uniq_crazy_yiuf_cottage,
          uniq_natasha, uniq_sigmund

Skill      XL: |  1  2  3 |
---------------+----------+-----
Long Blades    | 4 |  4.1
Dodging        | 4 |  4.2
Fighting       | |  3.9

Action                     |  1- 3 |  4- 6 || total
---------------------------+-------+-------++-------
  Melee: Falchion          |    52 |    25 ||    77
         Kick              |    16 |    12 ||    28
         Peck              |     7 |    11 ||    18
    Use: Potion            |       |     1 ||     1
   Stab: Distracted        |     1 |       ||     1
 Armour: Robe              |    14 |    11 ||    25
  Dodge: Dodged            |    46 |    16 ||    62

Table legend: (Time is in decaauts)
 A = Elapsed time spent in this place.
 B = Non-inter-level travel time spent in this place.
 C = Inter-level travel time spent in this place.
 D = Time resting spent in this place.
 E = Time spent auto-exploring this place.
 F = Levels seen in this place.
 G = Mean time per level.
                   A        B        C        D        E       F      G
               +--------+--------+--------+--------+--------+-----+--------+
         Total |   1646 |   1616 |     30 |      0 |   1318 |   2 |  823.0 |
       Dungeon |   1646 |   1616 |     30 |      0 |   1318 |   2 |  823.0 |
               +--------+--------+--------+--------+--------+-----+--------+

Top non-repeatable levels by time:
     D:2: 869 daAuts
     D:1: 777 daAuts
